 Dungeon Sprint DCSS version 0.28-a0-664-gc179e30c89 (webtiles) character file.

Game seed: 11406091376135054786

29 iamoutofideas the Firebug (level 3, -1/19 HPs)
             Began as a Deep Elf Fire Elementalist on Oct 15, 2021.
             Slain by Crazy Yiuf (10 damage)
             ... in the Dungeon (Sprint III: "The Ten Rune Challenge").
             The game lasted 00:00:43 (275 turns).

iamoutofideas the Firebug (DEFE)                     Turns: 275, Time: 00:00:43

Health: -1/19      AC:  2    Str:  5    XL:     3   Next: 1%
Magic:  7/11       EV: 13    Int: 20    God:
Gold:   0          SH:  0    Dex: 15    Spells: 5/11 levels left

rFire   . . .      SeeInvis .   h - +2 dagger (freeze)
rCold   . . .      Faith    .   (no shield)
rNeg    . . .      Spirit   .   a - +0 robe
rPois   .          Reflect  .   (no helmet)
rElec   .          Harm     .   (no cloak)
rCorr   .          Rampage  .   (no gloves)
Will    .....      NoTele   +   (no boots)
Stlth   ++........              (no amulet)
HPRegen 0.06/turn               (no ring)
MPRegen 0.12/turn               (no ring)

@: no status effects
A: no striking features
a: no special abilities


You were in the Dungeon.
You visited 1 branch

Inventory:

Hand Weapons
 h - a +2 dagger of freezing (weapon)
Armour
 a - a +0 robe (worn)
Scrolls
 g - a scroll of blinking
Potions
 b - a potion of curing
 c - a potion of heal wounds
 d - a potion of haste
 e - 2 potions of magic
 f - a potion of berserk rage


   Skills:
 + Level 3.3 Dodging
 + Level 3.4 Stealth
 + Level 4.8 Spellcasting
 + Level 1.4 Conjurations
 + Level 5.8 Fire Magic


You had 5 spell levels left.
You knew the following spells:

 Your Spells              Type           Power      Damage    Failure   Level
a - Foxfire               Conj/Fire      76%        2x1d7     2%          1
b - Scorch                Fire           56%        2d8       1%          2
c - Conjure Flame         Conj/Fire      19%        6-21      9%          3

Your spell library contained the following spells:

 Spells                   Type           Power      Damage    Failure   Level
 Inner Flame              Hex/Fire       16%        N/A       11%         3
 Flame Wave               Conj/Fire      19%        3d5       26%         4


Dungeon Overview and Level Annotations

Branches:
Dungeon (1/1)

Altars:

Annotations:
D Crazy Yiuf


Message History

A rat comes into view.
The rat bites you but does no damage.
Casting: Foxfire (safe; 2% risk of failure)
Confirm with . or Enter, or press ? or * to list all spells.
You conjure some foxfire!
The rat bites you.
The foxfire hits the rat.
You kill the rat!
You start resting.
Your foxfire dissipates!
You see here a rat corpse.
You start resting.
Magic restored.
A human comes into view.
Crazy Yiuf the Enlightened comes into view.
He is wielding a +4 quarterstaff of chaos and carrying a wand of flame (20).
Crazy Yiuf shouts!
Casting: Foxfire (safe; 2% risk of failure)
Confirm with . or Enter, or press ? or * to list all spells.
You conjure some foxfire!
The foxfire hits Crazy Yiuf.
Crazy Yiuf is moderately wounded.
The foxfire hits Crazy Yiuf but does no damage.
Crazy Yiuf is moderately wounded.
Casting: Foxfire (safe; 2% risk of failure)
Confirm with . or Enter, or press ? or * to list all spells.
You conjure some foxfire!
Your foxfire dissipates!
The foxfire hits Crazy Yiuf.
Crazy Yiuf is heavily wounded.
Casting: Foxfire (safe; 2% risk of failure)
Confirm with . or Enter, or press ? or * to list all spells.
You conjure some foxfire!
Crazy Yiuf zaps a wand.
The puff of flame hits you!
Ouch! That really hurt!
Your foxfire dissipates!
The foxfire hits Crazy Yiuf but does no damage.
Crazy Yiuf is heavily wounded.
Casting: Foxfire (safe; 2% risk of failure)
Confirm with . or Enter, or press ? or * to list all spells.
You conjure some foxfire!
Crazy Yiuf hits you with a +4 quarterstaff of chaos!
Ouch! That really hurt!
You die...

▓▓▓▓▓▓▓▓▓
▓<..#)..####
▓...#......##
▓..##....[..# .#
▓##.##.##vv.# .#
##.##.###@.# ..#
▓#.####.##g.# .p.+
▓.###..##.†##
#...# ▓#.....##..#
#....#
###..##...##.....#
#..##....#......#
#..###..##.#.....#
#(. #..#####....#
▓▓▓ ▓▓▓▓ ▓▓▓▓▓


You could see Crazy Yiuf (ally target).

Vanquished Creatures
  Jessica (D)
  2 endoplasms (D)
  A rat (D)
4 creatures vanquished.

Vanquished Creatures (others)
  17 foxfires (D)
17 creatures vanquished.

Grand Total: 21 creatures vanquished

Notes
Turn   | Place    | Note
-------+----------+-------------------------------------------
     0 | D        | iamoutofideas the Deep Elf Fire Elementalist began the
                  | quest for the Orb.
     0 | D        | Reached XP level 1. HP: 10/10 MP: 6/6
    60 | D        | Reached skill level 4 in Fire Magic
    76 | D        | Noticed Jessica
    83 | D        | Killed Jessica
    84 | D        | Reached skill level 5 in Fire Magic
    84 | D        | Reached XP level 2. HP: 15/15 MP: 3/9
    84 | D        | Reached XP level 3. HP: 19/19 MP: 3/11
    89 | D        | Learned a level 2 spell: Scorch
    93 | D        | Learned a level 3 spell: Conjure Flame
   264 | D        | Noticed Crazy Yiuf
   275 | D        | Slain by Crazy Yiuf

Illustrated notes

Levels and vault maps discovered:
D:        dungeon_sprint_mu [sprint_mu_entry_cave, sprint_mu_temple_rooms,
          sprint_mu_d1_horrors, sprint_mu_d2_genie, sprint_mu_d3_branching,
          sprint_mu_orc_legion, sprint_mu_elf_gauntlet, sprint_mu_hive_nellie,
          sprint_mu_lair_fedhas, sprint_mu_vaults_butterflies,
          sprint_mu_slime_circle, sprint_mu_swamp_cave, sprint_mu_snake_twists,
          sprint_mu_blade_basic, sprint_mu_crypt_chambers,
          sprint_mu_tomb_spiral, sprint_mu_vestibule_basic,
          sprint_mu_gehenna_hellfire, sprint_mu_dis_giant,
          sprint_mu_tartarus_statrot, sprint_mu_cocytus_islands, sprint_mu_zot1]

Skill      XL: |  1 |
---------------+----+-----
Fire Magic     | 5 |  5.8
Dodging        | 3 |  3.3
Stealth        | 3 |  3.4
Spellcasting   | 4 |  4.8
Conjurations   | |  1.4

Action                   || total
-------------------------++-------
 Cast: Foxfire           ||    13
Armor: Robe              ||     2
Dodge: Dodged            ||     1

Table legend: (Time is in decaauts)
 A = Elapsed time spent in this place.
 B = Non-inter-level travel time spent in this place.
 C = Inter-level travel time spent in this place.
 D = Time resting spent in this place.
 E = Time spent auto-exploring this place.
 F = Levels seen in this place.
 G = Mean time per level.
                   A        B        C        D        E       F      G
               +--------+--------+--------+--------+--------+-----+--------+
         Total |    274 |    274 |      0 |    196 |      6 |   1 |  274.0 |
       Dungeon |    274 |    274 |      0 |    196 |      6 |   1 |  274.0 |
               +--------+--------+--------+--------+--------+-----+--------+

Top non-repeatable levels by time:
       D: 274 daAuts
